 Dungeon Crawl Stone Soup version 0.31-a0-1027-gfb7600b (webtiles) character file.

Game seed: 7104996344882832224

8975 Coin2 the Warrior (level 11, 0/175 HPs)
             Began as a Hill Orc Fighter on Nov 18, 2023.
             Was a Believer of Elyvilon.
             Slain by an elephant (4 damage)
             ... on level 2 of the Lair of Beasts.
             The game lasted 01:18:11 (12119 turns).

Coin2 the Warrior (Hill Orc Fighter)               Turns: 12119, Time: 01:18:13

Health: 0/175      AC: 25    Str: 24    XL:     11   Next: 39%
Magic:  19/19      EV:  2    Int:  8    God:    Elyvilon [**....]
Gold:   1945       SH:  0    Dex: 10    Spells: 10/10 levels left

rFire   . . .        a - +0 war axe
rCold   + . .        (no shield)
rNeg    . . .        C - melded +3 chain mail {rPois}
rPois   +            Q - melded +2 helmet
rElec   .            (cloak currently unavailable)
rCorr   .            q - melded +0 pair of gloves {Str+3}
SInv    .            D - melded +0 pair of boots
Will    .....        (no amulet)
Stlth   +            I - ring of flight
HPRegen 0.49/turn    v - ring of protection from cold
MPRegen 0.16/turn

%: no passive effects
@: mighty, brilliant, tree-form
A: stationary, stasis, torment immunity, boosted hp, (deformed body), inability
to drink after injury 1
a: Renounce Religion, Purification, Heal Other


You were on level 2 of the Lair of Beasts.
You worshipped Elyvilon.
Elyvilon was pleased with you.
You were a tree.
You visited 3 branches of the dungeon, and saw 13 of its levels.
You also visited: Sewer.

You collected 2125 gold pieces.
You spent 180 gold pieces at shops.

Inventory:

Hand Weapons
 a - a +0 war axe (weapon)
 w - a +2 spear of venom
 N - the +1 spear of Grandeur {heavy, Will+ Str+3 SInv}
   (You found it on level 8 of the Dungeon)

   Str+3:     It affects your strength (+3).
   Will+:     It increases your willpower.
   SInv:      It lets you see invisible.
 O - a +2 halberd of freezing
Missiles
 l - 54 poisoned darts
 m - 20 boomerangs (quivered)
 o - 4 curare-tipped darts
 L - 6 darts of dispersal
Armour
 c - a +0 buckler
 q - a +0 pair of gloves of strength (melded)
 r - a +1 pair of gloves of stealth
 C - a +3 chain mail of poison resistance (melded)
 D - a +0 pair of boots (melded)
 Q - a +2 helmet (melded)
Jewellery
 v - a ring of protection from cold (right branch)
 I - a ring of flight (left branch)
 K - a ring of see invisible
Wands
 F - a wand of flame (19)
 M - a wand of charming (12)
Scrolls
 f - 9 scrolls of teleportation
 j - a scroll of enchant armour {unknown}
 k - 4 scrolls of immolation {unknown}
 s - a scroll of silence {unknown}
 u - 3 scrolls of fear {unknown}
 x - a scroll of brand weapon {unknown}
 y - a scroll of summoning {unknown}
 z - a scroll of torment {unknown}
 A - a scroll of revelation
 E - a scroll of noise
 G - 2 scrolls of enchant weapon {unknown}
 H - 2 scrolls of poison {unknown}
 J - a scroll of fog
Potions
 b - a potion of lignification
 d - 3 potions of might
 e - 7 potions of curing
 h - a potion of invisibility
 i - a potion of heal wounds {unknown}
 n - 3 potions of enlightenment {unknown}
 p - 2 potions of mutation
 t - 3 potions of brilliance
 B - 2 potions of resistance {unknown}
 P - a potion of haste {unknown}


   Skills:
 - Level 17.0 Fighting
 - Level 6.0 Axes
 - Level 9.0 Armour
 + Level 8.2 Shields
 - Level 11.0 Invocations


You had 10 spell levels left.
You didn't know any spells.
Your spell library contained the following spells:

 Spells                   Type           Power      Damage    Failure   Level
 Sandblast                Erth           0%         2d4       41%         1
 Blink                    Tloc           0%         N/A       54%         2
 Passwall                 Tmut/Erth      0%         N/A       54%         2
 Ozocubu's Armour         Ice            0%         N/A       78%         3
 Stone Arrow              Conj/Erth      0%         3d7       78%         3
 Brom's Barrelling Bould  Conj/Erth      0%         2d3       99%         4
 Manifold Assault         Tloc           0%         N/A       99%         4
 Olgreb's Toxic Radiance  Pois           0%         N/A       99%         4
 Metabolic Englaciation   Hex/Ice        0%         N/A       100%        5
 Simulacrum               Ice/Necr       0%         N/A       100%        6
 Discord                  Hex            0%         N/A       100%        8
 Ignition                 Fire           0%         3d3       100%        8


Dungeon Overview and Level Annotations

Branches:
Dungeon (10/15)            Temple (1/1) D:6            Lair (2/5) D:8
  Snake (0/4) Lair:2          Orc (0/2) D:10          Sewer (visited)
  Swamp: Lair:2-3    Shoals: Lair:2-3

Altars:
Ashenzari
Cheibriados
Dithmenos
Elyvilon
Fedhas
Gozag
Hepliaklqana
Kikubaaqudgha
Makhleb
Nemelex Xobeh
Okawaru
Qazlal
Ru
Sif Muna
Trog
Uskayaw
Vehumet
Wu Jian
Xom
Yredelemnul
Zin
The Shining One

Shops:
D:1 ?   D:10 [

Annotations:
D:10 Harold


Innate Abilities, Weirdness & Mutations

You are a tree.
Your roots penetrate the ground, keeping you stationary.
You cannot be teleported.
You are immune to unholy pain and torment.
Your maximum health is greatly increased.
Your equipment is partially melded.
((Armour fits poorly on your strangely shaped body.))
You occasionally lose the ability to drink potions when taking damage.


Message History

The white imp shouts!
The white imp gestures at you. The puff of frost hits you. You resist.
* * * LOW HITPOINT WARNING * * *
It was a potion of brilliance.
You feel clever all of a sudden.
You hear the steady crackling of a melting archway very nearby.
The white imp gestures at you.
The puff of frost hits you but does no damage.
The white imp gestures at you.
The puff of frost hits you but does no damage.
The white imp gestures at you. The puff of frost misses you.
It was a potion of lignification.
You turn into a tree.
Your +2 helmet melds into your body.
Your +0 pair of gloves of strength melds into your body.
Your +0 pair of boots melds into your body.
Your +3 chain mail of poison resistance melds into your body.
You feel weaker.
You no longer feel resistant to poison.
Your roots penetrate the ground.
The white imp gestures at you.
The puff of frost hits you but does no damage.
Okay, then.
As you read the scroll of revelation, it crumbles to dust.
You feel aware of your surroundings.
You sensed 1 shop/portal.
A white imp comes into view.
You slash the elephant!
The elephant is severely wounded.
The white imp gestures at you. The puff of frost misses you.
The elephant tramples you!
* * * LOW HITPOINT WARNING * * *
The elephant trunk-slaps you but does no damage.
It was a potion of mutation.
You feel extremely strange.
You occasionally lose the ability to drink potions when taking damage.
Your body twists and deforms.
Your regeneration stops near monsters.
You begin to regenerate regardless of the presence of monsters.
The white imp shouts!
The elephant tramples you but does no damage.
The elephant barely misses you. The elephant tramples you.
You die...

*,,,,,,,,,..#* ###..##*##
**,,,,,..##..##########..Y##
*,,,∩,.###..##########P...##
*,,,,,.5###.############...#
**,,,,........##########...#
*,,*,.......########.##...#
***,,......5########.#.#.####
**,.....5.#.###.##.........
*,,......5♣Y..Y...$.#P...#.
*,,........Y....######....#
**,.......P####### *##.>#
*,........####### *#.#
*,....=...####### **.#
**.P.#.#.######## *,,#
**...############ *,,,
***,..+P#.#.#######**** **,*
**,,,,,,,,,,** *,,**,****,,


You could see 3 elephants and 4 white imps.

Vanquished Creatures
  A two-headed ogre (D:9)
  Joseph (D:7)
  A black mamba (Lair:1)
  A cane toad (Lair:1)
  Maggie (D:7)
  5 komodo dragons
  A troll (D:9)
  Grinder (D:4)
  A hornet (D:8)
  3 blink frogs (Lair:2)
  2 wyverns
  5 water moccasins
  Duvessa (D:5)
  A sky beast (D:8)
  6 orc warriors
  3 ice beasts
  An ogre (D:6)
  5 centaurs
  A phantom (D:5)
  6 kobold brigands
  4 bullfrogs
  3 gnoll sergeants
  2 scorpions
  4 wights
  Dowan (D:5)
  A howler monkey (D:6)
  2 jellies (D:6)
  A gnoll bouda (D:9)
  A hound (D:7)
  5 orc priests
  A sleepcap (D:4)
  Natasha (thrice) (D:3)
  An iguana (D:6)
  11 orc wizards
  32 gnolls
  2 adders
  2 shadow imps
  5 white imps (Lair:2)
  2 worms
  36 orcs
  7 bats
  3 endoplasms
  2 giant cockroaches
  11 hobgoblins
  8 jackals
  59 kobolds
  5 quokkas
  4 ball pythons
  2 frilled lizards
  7 goblins
  5 rats
279 creatures vanquished.

Vanquished Creatures (others)
  An orc (D:5)
1 creature vanquished.

Grand Total: 280 creatures vanquished

Notes
Turn   | Place    | Note
-------+----------+-------------------------------------------
     0 | D:1      | Coin2 the Hill Orc Fighter began the quest for the Orb.
     0 | D:1      | Reached XP level 1. HP: 19/19 MP: 1/1
   114 | D:1      | Reached skill level 4 in Fighting
   115 | D:1      | Reached XP level 2. HP: 24/27 MP: 2/2
   170 | D:1      | Found Hummargh's Magic Scroll Emporium.
   986 | D:2      | Reached XP level 3. HP: 33/33 MP: 3/3
  1383 | D:2      | Found a faded altar of an unknown god.
  1533 | D:3      | Noticed Natasha
  1538 | D:3      | Killed Natasha
  1539 | D:3      | Reached XP level 4. HP: 41/41 MP: 4/4
  1666 | D:3      | Noticed Natasha
  1682 | D:3      | Killed Natasha
  1683 | D:3      | Reached skill level 5 in Fighting
  2482 | D:4      | Noticed Grinder
  2498 | D:4      | Reached XP level 5. HP: 30/48 MP: 5/5
  2627 | D:4      | Reached skill level 6 in Fighting
  2966 | D:4      | Found a glowing drain.
  2971 | Sewer    | Entered a sewer
  3008 | Sewer    | Reached skill level 5 in Shields
  3012 | Sewer    | Reached XP level 6. HP: 57/57 MP: 6/6
  3058 | Sewer    | Noticed a water moccasin
  3070 | Sewer    | Killed a water moccasin
  3071 | Sewer    | Reached skill level 5 in Armour
  3342 | D:3      | Noticed Natasha
  3355 | D:3      | Killed Natasha
  3845 | D:5      | Entered Level 5 of the Dungeon
  3896 | D:5      | Noticed Dowan
  3897 | D:5      | Noticed Duvessa
  4055 | D:4      | Identified a scroll of acquirement
  4056 | D:4      | Acquired 1235 gold pieces
  4066 | D:4      | Paralysed by Grinder for 5 turns
  4073 | D:4      | Killed Grinder
  4074 | D:4      | Reached XP level 7. HP: 42/63 MP: 7/7
  4146 | D:1      | Bought a scroll of blinking for 75 gold pieces
  4146 | D:1      | Bought a scroll of teleportation for 30 gold pieces
  4146 | D:1      | Bought a scroll of revelation for 75 gold pieces
  4247 | D:5      | Acquired a manual of Fighting
  4683 | D:5      | Found a hide-covered altar of Uskayaw.
  4750 | D:6      | Found a broken altar of Ashenzari.
  4759 | D:6      | Reached skill level 7 in Fighting
  4824 | D:6      | Reached skill level 8 in Fighting
  4908 | D:6      | Reached skill level 9 in Fighting
  4908 | D:6      | Reached XP level 8. HP: 78/78 MP: 8/8
  4930 | D:6      | Reached skill level 10 in Fighting
  5042 | D:6      | Found a staircase to the Ecumenical Temple.
  5097 | Temple   | Entered the Ecumenical Temple
  5112 | Temple   | Became a worshipper of Elyvilon the Healer
  5233 | D:6      | Found a sacrificial altar of Ru.
  5283 | D:6      | Reached skill level 11 in Fighting
  5521 | D:6      | Reached skill level 12 in Fighting
  6114 | D:5      | Killed Duvessa
  6121 | D:5      | Killed Dowan
  6122 | D:5      | Reached skill level 13 in Fighting
  6342 | D:5      | Reached XP level 9. HP: 92/94 MP: 9/9
  6397 | D:5      | Reached skill level 14 in Fighting
  6994 | D:5      | Reached skill level 15 in Fighting
  7298 | D:7      | Found an ancient bone altar of Kikubaaqudgha.
  7379 | D:7      | Noticed Maggie
  7765 | D:7      | Reached * piety under Elyvilon
  7830 | D:7      | Noticed Joseph
  7853 | D:7      | Killed Joseph
  7854 | D:7      | Reached skill level 16 in Fighting
  7997 | D:7      | Killed Maggie
  8121 | D:7      | Reached skill level 17 in Fighting
  8367 | D:8      | Found a radiant altar of Vehumet.
  8406 | D:8      | Reached XP level 10. HP: 102/111 MP: 10/10
  8463 | D:8      | Found a glowing silver altar of Zin.
  8759 | D:8      | Found a staircase to the Lair.
  8760 | D:8      | Reached ** piety under Elyvilon
  8849 | D:8      | Identified the +1 spear of Grandeur {heavy, Will+ Str+3
                  | SInv}
  8894 | D:8      | Reached skill level 1 in Invocations
  9370 | D:9      | Found a glowing golden altar of the Shining One.
  9751 | D:9      | Noticed a two-headed ogre
  9758 | D:9      | Killed a two-headed ogre
  9759 | D:9      | Reached skill level 5 in Axes
  9759 | D:9      | Reached skill level 5 in Invocations
  9885 | D:9      | Reached *** piety under Elyvilon
 10228 | D:10     | Entered Level 10 of the Dungeon
 10309 | D:10     | Found a basalt altar of Yredelemnul.
 10349 | D:10     | Noticed a two-headed ogre
 10668 | D:10     | Found a staircase to the Orcish Mines.
 10670 | D:10     | Found Osiosmi's Armour Boutique.
 10907 | D:10     | Noticed Harold
 10946 | D:10     | Noticed a kobold demonologist
 11002 | Lair:1   | Entered Level 1 of the Lair of Beasts
 11006 | Lair:1   | Noticed a black mamba
 11103 | Lair:1   | Killed a black mamba
 11480 | Lair:1   | Reached XP level 11. HP: 106/117 MP: 18/18
 11500 | Lair:1   | Reached skill level 10 in Invocations
 11557 | Lair:1   | Reached **** piety under Elyvilon
 11730 | Lair:1   | Noticed a death yak
 11731 | Lair:1   | Noticed a death yak
 11778 | IceCv    | Identified the "Yffu"
 11778 | IceCv    | Identified the "Viggeps"
 12118 | Lair:2   | HP: 3/175 [elephant (13)]
 12119 | Lair:2   | Gained mutation: You occasionally lose the ability to drink
                  | potions when taking damage. [potion of mutation]
 12119 | Lair:2   | Gained mutation: Armour fits poorly on your strangely
                  | shaped body. [potion of mutation]
 12119 | Lair:2   | Gained mutation: You do not regenerate when monsters are
                  | visible. [potion of mutation]
 12119 | Lair:2   | Lost mutation: You do not regenerate when monsters are
                  | visible. [potion of mutation]
 12119 | Lair:2   | Slain by an elephant

Illustrated notes

Levels and vault maps discovered:
D:1:      grunt_arrival_lava_bath, layout_basic, serial_shops, shop,
          serial_curves, eino_curves_01, eino_curves_03, eino_curves_01,
          lemuel_flame_loot_1
D:2:      layout_basic, basic_ecumenical_altar
D:3:      layout_basic, chequers_hall_statues_corner_a, uniq_natasha
D:4:      layout_loops_cross, portal_sewer_entry_e, uniq_grinder
D:5:      minmay_goblin_kobold_castle, layout_loops_ring,
          nicolae_uskayaw_suspiria, uniq_duvessa
D:6:      layout_basic, cheibrodos_ashenzari_chains, nicolae_ru_awakened_eye,
          minmay_temple_entry_glassed_door
D:7:      layout_basic, mainiacjoe_overflow_tiny_flanked, minmay_fountain_box,
          grunt_decor_fettered, uniq_joseph, uniq_maggie
D:8:      layout_basic, zin_treasury, mainiacjoe_overflow_concentric_impassable,
          lair_entry_dummy
D:9:      layout_long_grid, mainiacjoe_overflow_paths
D:10:     layout_cave_pools, amcnicky_altar_gilded, orc_david_3, uniq_harold
Temple:   nicolae_temple_ecumenical_triangle
Lair:1:   layout_loops_ring, dreamdust_gnoll_shepherd, lemuel_fruit_fields,
          lemuel_fruit_fields, serial_bayou_shore_b, grunt_megastairs_4
Lair:2:   layout_roguey, guppyfry_snake_entry_island,
          portal_ice_cave_entry_imps, pdpol_lair_neglected_garden

Skill      XL: |  1  2  3  4  5  6  7  8  9 10 11 |
---------------+----------------------------------+-----
Axes           | 3 5 6 |  6.0
Fighting       | 4 5 6 9 13 17 | 17.0
Shields        | 4 5 6 7 8 |  8.2
Armour         | 4 6 7 8 9 |  9.0
Invocations    | 9 11 | 11.0

Action                     |  1- 3 |  4- 6 |  7- 9 | 10-12 || total
---------------------------+-------+-------+-------+-------++-------
  Melee: War axe           |    36 |     4 |    47 |    27 ||   114
         Long sword        |    52 |   108 |   249 |       ||   409
         Spear             |       |    60 |    90 |   299 ||   449
         Halberd           |       |       |       |    65 ||    65
  Throw: Boomerang         |       |     4 |       |     4 ||     8
         Dart              |       |       |     3 |       ||     3
 Invoke: Heal Self         |       |       |       |     8 ||     8
  Evoke: Wand              |       |       |     7 |       ||     7
    Use: Scroll            |       |     6 |     3 |     3 ||    12
         Potion            |       |     2 |     2 |     4 ||     8
 Armour: Scale mail        |    55 |       |       |       ||    55
         Plate armour      |    15 |   158 |   135 |       ||   308
         Chain mail        |       |       |   378 |   536 ||   914
         Skin              |       |       |       |     5 ||     5
  Dodge: Dodged            |    35 |    59 |   178 |   238 ||   510
  Block: Buckler           |    17 |    51 |   100 |   109 ||   277

Table legend: (Time is in decaauts)
 A = Elapsed time spent in this place.
 B = Non-inter-level travel time spent in this place.
 C = Inter-level travel time spent in this place.
 D = Time resting spent in this place.
 E = Time spent auto-exploring this place.
 F = Levels seen in this place.
 G = Mean time per level.
                   A        B        C        D        E       F      G
               +--------+--------+--------+--------+--------+-----+--------+
         Total |  12481 |  10416 |   2065 |   2234 |   5245 |  14 |  891.5 |
       Dungeon |  11260 |   9328 |   1932 |   1699 |   5185 |  10 | 1126.0 |
        Temple |     26 |      2 |     24 |      0 |      0 |   1 |   26.0 |
          Lair |    869 |    760 |    109 |    378 |     46 |   2 |  434.5 |
         Sewer |    325 |    325 |      0 |    157 |     14 |   1 |  325.0 |
               +--------+--------+--------+--------+--------+-----+--------+

Top non-repeatable levels by time:
     D:5: 1805 daAuts
     D:9: 1456 daAuts
     D:6: 1335 daAuts
     D:8: 1196 daAuts
     D:3: 1175 daAuts
     D:7: 1147 daAuts
     D:1: 1018 daAuts
     D:2: 893 daAuts
     D:4: 869 daAuts
  Lair:1: 513 daAuts
    D:10: 364 daAuts
  Lair:2: 355 daAuts
   Sewer: 325 daAuts
  Temple: 26 daAuts
